Cogmind - Beta 11.1 --- EXPLORER MODE // 2022.10.17 @ 00:46:07 Player: Toby Result: Escaped! Performance ------------- Evolutions (9) 4500 Regions Visited (22) 4400 Robots Destroyed (192) 960 Value Destroyed (7608) 7608 Prototype IDs (24) 480 Alien Tech Used (0) 0 Bonus (10835) 10835 TOTAL SCORE: 28783 Bonus ------- High Alert Combat Kills 234 Follower Combat Kills 2479 Entered Garrisons 1800 Used RIF Installer 4500 Win 3000 Friendly Fire -1178 Cogmind --------- Core Integrity 700/1600 Matter 1/300 Energy 396/400 System Corruption 6% Temperature Cool (9) Movement Flying (92) Ox1 Location To Epsilon Eridani Parts ------- > --- POWER (4) -------- Light Antimatter Reactor Micro Antimatter Reactor Light Quantum Reactor Light Quantum Reactor > --- PROPULSION (10) -- Xenon Bombardment Thruster Xenon Bombardment Thruster Xenon Bombardment Thruster Xenon Bombardment Thruster Xenon Bombardment Thruster Cooled VTOL Module Cooled Cesium-ion Thruster Impulse Thruster Q-thruster > --- UTILITY (8) ------ Relay Coupler [NC] (100) Relay Coupler [Grunt] (100) Relay Coupler [Brawler] (28) Relay Coupler [Sentry] (100) Relay Coupler [Hunter] (100) Relay Coupler [Heavy] (1) Relay Coupler [Behemoth] (100) Drone Bay (1/2) > --- WEAPON (4) ------- Heavy Linear Accelerator Advanced Remote Datajack > --- INVENTORY (5) ---- Triangulator Relay Coupler [Duelist] (48) Relay Coupler [Demolisher] (49) Peak State ------------ > --- POWER ------------ Light Antimatter Reactor Micro Antimatter Reactor Light Quantum Reactor Light Quantum Reactor > --- PROPULSION ------- Xenon Bombardment Thruster Xenon Bombardment Thruster Xenon Bombardment Thruster Xenon Bombardment Thruster Xenon Bombardment Thruster Xenon Bombardment Thruster Cooled VTOL Module Cooled Cesium-ion Thruster Impulse Thruster Q-thruster > --- UTILITY ---------- Triangulator Relay Coupler [NC] Relay Coupler [Grunt] Relay Coupler [Brawler] Relay Coupler [Sentry] Relay Coupler [Hunter] Relay Coupler [Heavy] Relay Coupler [Behemoth] > --- WEAPON ----------- Enhanced Quantum Rifle Heavy Linear Accelerator Advanced Remote Datajack > --- INVENTORY -------- Impulse Thruster Relay Coupler [Duelist] Relay Coupler [Demolisher] Enhanced Nova Cannon Advanced Datajack [Rating: 152] Favorites ----------- Power Light Nuclear Core Engine Angular Momentum Engine Power Core Light Nuclear Core Reactor Light Quantum Reactor Propulsion Xenon Bombardment Thruster Treads Light Treads Leg Aluminum Leg Wheel Wheel Hover Unit Gravmag System Flight Unit Xenon Bombardment Thruster Utility Relay Coupler [NC] Device Seismic Detector Storage Huge Storage Unit Processor Signal Interpreter Hackware Relay Coupler [NC] Protection Improved Light Armor Plating Weapon Heavy EM Pulse Gun Energy Gun Heavy EM Pulse Gun Energy Cannon Enhanced Nova Cannon Ballistic Gun Autogun Ballistic Cannon Heavy Linear Accelerator Launcher Micro-nuke Launcher Special Weapon Improved Remote Datajack Special Melee Weapon Improved Datajack Build | -11 -10 -9 -8 -8 -7 -7 -7 -7 -6 -6 -5 -4 -4 -3 -3 -3 -3 -2 -2 -1 -1 -1 ------- Run | Scr Mat Mat Mat Gar Fac Gar Fac Gar Fac Gar Fac Fac Gar Res Gar Res Gar Res Gar Acc Gar Acc Slots Evolved 19 | . 1 2 2 . 2 . . . 15 -3 . . . . . . . . . . . . Power 3 | . . . 1 . . . . . 2 . . . . . . . . . . . . . Propulsion 8 | . . 1 . . . . . . 7 . . . . . . . . . . . . . Utility 6 | . 1 1 . . 1 . . . 5 -2 . . . . . . . . . . . . Weapon 2 | . . . 1 . 1 . . . 1 -1 . . . . . . . . . . . . Parts Attached 317 | 10 24 44 9 4 24 30 5 7 52 4 34 5 6 . . 3 2 . . 2 12 40 Power 45 | 1 2 3 1 . 3 5 1 1 9 . 9 . . . . . . . . 2 2 6 Engine 12 | 1 . 3 1 . 2 1 . . 3 . 1 . . . . . . . . . . . Core 25 | . 2 . . . 1 4 1 1 6 . 8 . . . . . . . . 1 . 1 Reactor 8 | . . . . . . . . . . . . . . . . . . . . 1 2 5 Propulsion 144 | 5 12 26 4 . 10 13 1 1 22 . 17 4 4 . . 3 2 . . . 8 12 Treads 4 | . . 4 . . . . . . . . . . . . . . . . . . . . Leg 14 | 2 6 . . . 3 3 . . . . . . . . . . . . . . . . Wheel 29 | 3 5 13 4 . 4 . . . . . . . . . . . . . . . . . Hover 4 | . 1 . . . 3 . . . . . . . . . . . . . . . . . Flight 93 | . . 9 . . . 10 1 1 22 . 17 4 4 . . 3 2 . . . 8 12 Utility 64 | 2 5 6 3 1 7 5 1 4 14 2 6 . . . . . . . . . 2 6 Device 41 | . 3 4 3 1 4 1 1 1 10 1 6 . . . . . . . . . 1 5 Storage 2 | . 2 . . . . . . . . . . . . . . . . . . . . . Processor 4 | 1 . 1 . . . . . . 1 . . . . . . . . . . . 1 . Hackware 14 | . . . . . 2 4 . 3 3 1 . . . . . . . . . . . 1 Protection 3 | 1 . 1 . . 1 . . . . . . . . . . . . . . . . . Artifact . | . . . . . . . . . . . . . . . . . . . . . . . Weapon 64 | 2 5 9 1 3 4 7 2 1 7 2 2 1 2 . . . . . . . . 16 Energy Gun 34 | 1 5 9 1 3 2 1 1 1 4 1 . . 1 . . . . . . . . 4 Energy Cannon 1 | . . . . . . . . . . . . . . . . . . . . . . 1 Ballistic Gun 6 | 1 . . . . 1 3 . . . . . . . . . . . . . . . 1 Ballistic Cannon 5 | . . . . . . . . . . . . . . . . . . . . . . 5 Launcher 2 | . . . . . . . . . . . . 1 1 . . . . . . . . . Special Weapon 11 | . . . . . 1 3 1 . 2 . . . . . . . . . . . . 4 Impact Weapon . | . . . . . . . . . . . . . . . . . . . . . . . Slashing Weapon . | . . . . . . . . . . . . . . . . . . . . . . . Piercing Weapon . | . . . . . . . . . . . . . . . . . . . . . . . Special Melee Weapon 5 | . . . . . . . . . 1 1 2 . . . . . . . . . . 1 Unidentified Prototypes 6 | . . 1 . . . . 1 . 2 . 2 . . . . . . . . . . . Corrupted Parts 3 | . . . . . 1 1 . . . . . . . . . . . . . . . 1 System Corruption 7 | . . . . . 2 3 . . . . . . . . . . . . . . . 2 Parts Lost 61 | . 1 6 . . 17 7 2 1 4 . 2 . 3 . . 1 1 . 3 . 2 11 Power 9 | . . 1 . . 2 1 . . . . 1 . . . . . . . 1 . . 3 Propulsion 33 | . 1 3 . . 5 4 1 1 4 . 1 . 3 . . 1 1 . 1 . 1 6 Utility 6 | . . . . . 4 2 . . . . . . . . . . . . . . . . Weapon 13 | . . 2 . . 6 . 1 . . . . . . . . . . . 1 . 1 2 Highest Loss Streak 13 | . 1 2 . . 13 3 1 1 1 . 1 . 2 . . 1 1 . 3 . 1 3 To Critical Strikes . | . . . . . . . . . . . . . . . . . . . . . . . Average Slot Usage (%) 88 | . 98 96 97 100 93 23 82 78 85 92 90 91 90 92 92 92 92 92 89 80 80 89 Engine 3 | . 1 2 15 16 8 . . . 5 7 3 2 . . . . . . . . . . Core 6 | . 10 6 . . 5 2 7 7 5 7 10 11 11 11 11 11 11 11 10 7 3 1 Leg 2 | . 14 . . . . 1 . . . . . . . . . . . . . . . . Wheel 8 | . 9 19 25 25 9 . . . . . . . . . . . . . . . . . Flight 15 | . . 7 . . . 7 20 19 30 38 33 33 33 34 34 34 34 34 33 30 31 36 Device 12 | . 19 20 23 25 19 . 1 . 5 4 3 3 3 3 3 3 3 3 3 3 3 2 Storage 2 | . 9 3 . . . . . . . . . . . . . . . . . . . . Processor 4 | . 4 10 8 8 7 . . . . . . . . . . . . . . . . . Hackware 11 | . . . . . 7 4 28 34 25 24 26 26 26 26 26 26 26 26 26 26 26 26 Protection 1 | . 2 5 . . . . . . . . . . . . . . . . . . . . Energy Gun 12 | . 23 19 25 25 21 . 6 5 2 1 3 2 2 3 3 3 3 3 3 3 1 1 Ballistic Gun 1 | . 1 . . . . 5 17 3 . . . . . . . . . . . . . . Special Weapon 1 | . . . . . 3 . . 7 3 3 3 3 3 3 3 3 3 3 3 3 3 2 Naked Turns 351 | . . . . . . 351 . . . . . . . . . . . . . . . . Heaviest Build 94 | 8 93 94 32 32 39 14 18 18 57 57 60 65 52 52 52 52 52 52 52 50 58 89 Greatest Support 67 | 20 32 60 42 30 57 51 18 18 67 65 61 65 60 57 57 57 57 57 57 53 59 62 Greatest Overweight (x) 11 | . 5 9 1 1 11 2 1 2 1 1 1 1 1 . . 1 . . . . 1 1 Average Overweight (x) . | . 1 1 . 1 1 . . . . . . . . . . . . . . . . . Largest Inventory Capacity 25 | 5 25 25 5 5 5 5 5 5 5 5 5 5 5 5 5 5 5 5 5 5 5 5 Average Capacity 8 | 5 17 12 5 5 5 5 5 5 5 5 5 5 5 5 5 5 5 5 5 5 5 5 Most Carried 25 | 4 17 25 5 5 5 5 5 5 5 5 5 5 5 5 5 5 4 3 3 4 5 5 Average Carried 6 | 1 11 10 4 4 4 3 4 3 4 4 2 3 4 5 5 4 3 3 3 3 3 4 Final Capacity 25 | 5 25 5 5 5 5 5 5 5 5 5 5 5 5 5 5 5 5 5 5 5 5 5 Final Carried 17 | 3 17 5 5 5 2 4 4 4 5 4 3 5 5 5 5 3 3 3 3 3 5 3 Class Distribution -------------------- 41% | Hacker-Mutant 16% | Commander-Sprinter 9% | Botlord-Sprinter 9% | Bothacker-Sprinter 6% | Hacker-Tank 3% | Botlord-Mutant Dominant Class ---------------- Hacker-Mutant | -10/Materials Hacker-Mutant | -9/Materials Hacker-Gunner | -8/Materials Hacker-Tank | -8/Garrison Scavenger-Skirmisher | -7/Factory Hacker-Mutant | -7/Garrison Bothacker-Gunner | -7/Factory Commander-Sprinter | -7/Garrison Commander-Sprinter | -6/Factory Bothacker-Sprinter | -6/Garrison Bothacker-Sprinter | -5/Factory Bothacker-Sprinter | -4/Factory Botlord-Sprinter | -4/Garrison Botlord-Sprinter | -3/Research Botlord-Sprinter | -3/Garrison Botlord-Sprinter | -3/Research Botlord-Sprinter | -3/Garrison Botlord-Sprinter | -2/Research Botlord-Sprinter | -2/Garrison Botlord-Sprinter | -1/Access Botlord-Sprinter | -1/Garrison Botlord-Mutant | -1/Access Resources | -11 -10 -9 -8 -8 -7 -7 -7 -7 -6 -6 -5 -4 -4 -3 -3 -3 -3 -2 -2 -1 -1 -1 ----------- Run | Scr Mat Mat Mat Gar Fac Gar Fac Gar Fac Gar Fac Fac Gar Res Gar Res Gar Res Gar Acc Gar Acc Matter Collected 6625 | 229 333 435 90 40 75 546 67 372 1566 10 896 . 470 . . 38 251 52 . . 528 627 Remotely . | . . . . . . . . . . . . . . . . . . . . . . . Salvage Created 7465 | 128 763 2669 1334 1013 575 367 175 . 16 . . . 72 . . . . . 19 . 122 212 Parts 422 | 6 45 159 76 46 27 28 9 . 3 . . . 1 . . . . . 2 . 2 18 Haulers Intercepted 9 | . 2 6 1 . . . . . . . . . . . . . . . . . . . Recyclers Shooed 2 | 1 . 1 . . . . . . . . . . . . . . . . . . . . Parts Field Recycled . | . . . . . . . . . . . . . . . . . . . . . . . Retrieved Matter . | . . . . . . . . . . . . . . . . . . . . . . . Parts Self-Destructed . | . . . . . . . . . . . . . . . . . . . . . . . Prevented . | . . . . . . . . . . . . . . . . . . . . . . . Kills | -11 -10 -9 -8 -8 -7 -7 -7 -7 -6 -6 -5 -4 -4 -3 -3 -3 -3 -2 -2 -1 -1 -1 ------- Run | Scr Mat Mat Mat Gar Fac Gar Fac Gar Fac Gar Fac Fac Gar Res Gar Res Gar Res Gar Acc Gar Acc Combat Hostiles Destroyed 113 | . 10 32 15 21 10 13 3 . . . . . 1 . . . . . 1 . 3 4 Melee 3 | . . . . . . 3 . . . . . . . . . . . . . . . . Guns 93 | . 10 28 14 16 8 10 3 . . . . . 1 . . . . . . . . 3 Cannons 1 | . . . . . . . . . . . . . . . . . . . . . . 1 AOE 12 | . . 3 1 3 1 . . . . . . . . . . . . . 1 . 3 . Classes Destroyed 16 | 2 5 4 1 . 3 . . . . . . . . . . . . . . . 1 . Worker 21 | . 5 13 2 . . . . . 1 . . . . . . . . . . . . . Builder 15 | . 4 4 6 . . . 1 . . . . . . . . . . . . . . . Tunneler 4 | 2 1 1 . . . . . . . . . . . . . . . . . . . . Hauler 9 | . 2 6 1 . . . . . . . . . . . . . . . . . . . Recycler 10 | 1 1 5 3 . . . . . . . . . . . . . . . . . . . Mechanic 1 | . . . . . 1 . . . . . . . . . . . . . . . . . Operator 7 | . . 4 1 . 2 . . . . . . . . . . . . . . . . . Watcher 8 | . . 4 4 . . . . . . . . . . . . . . . . . . . Swarmer 43 | . 4 7 4 13 . 12 . . . . . . . . . . . . 1 . 2 . Cutter 3 | . . . . . . . . . . . . . . . . . . . . . 3 . Grunt 44 | . 6 14 7 7 5 . 3 . . . . . 2 . . . . . . . . . Brawler 1 | . . . . . 1 . . . . . . . . . . . . . . . . . Duelist 2 | . . 1 . . 1 . . . . . . . . . . . . . . . . . Sentry 15 | . . 10 3 1 1 . . . . . . . . . . . . . . . . . Hunter 2 | . . . 1 . . . . . . . . . . . . . . . . . 1 . Programmer 7 | . . . . . 2 1 . . . . . . . . . . . . . . . 4 Best Kill Streak 14 | 3 6 6 14 8 3 3 3 . 1 . . . 1 . . . . . 1 . 3 2 Combat Bots Only 8 | . 2 3 6 8 3 3 3 . . . . . 1 . . . . . 1 . 3 2 Max Kills in Single Turn 3 | 1 1 2 2 2 2 1 1 . 1 . . . 1 . . . . . 1 . 3 1 Gunslinging 1 | . . 1 . 1 . . . . . . . . . . . . . . . . . . Exploded 2 | . . 1 1 2 1 . . . . . . . . . . . . . 1 . 2 . Melee 1 | . . . . . . 1 . . . . . . . . . . . . . . . . Uniques/NPCs Destroyed . | . . . . . . . . . . . . . . . . . . . . . . . Combat | -11 -10 -9 -8 -8 -7 -7 -7 -7 -6 -6 -5 -4 -4 -3 -3 -3 -3 -2 -2 -1 -1 -1 -------- Run | Scr Mat Mat Mat Gar Fac Gar Fac Gar Fac Gar Fac Fac Gar Res Gar Res Gar Res Gar Acc Gar Acc Damage Taken 9466 | . 285 665 219 107 1021 4428 124 134 562 38 186 28 241 21 . 29 179 18 103 . 379 699 Core 4711 | . 45 124 37 9 265 3733 20 35 133 9 37 13 46 . . . 35 . 11 . 88 71 Absorbed by Shields 670 | . . 31 116 138 163 159 . . . . . . . . . . 7 . 32 . 24 . Regen/Repaired (Parts) 181 | . 52 30 . . 18 . . . 20 . . 61 . . . . . . . . . . Core Remaining (%) 72 | 100 82 69 . 91 . . . 100 . 82 70 . 60 . . . 53 . 48 . . 43 Volleys Fired 865 | 4 45 103 42 43 49 44 8 42 167 16 78 15 23 8 1 12 23 3 8 2 34 95 Largest 4 | 2 2 2 3 3 4 3 4 3 2 1 1 1 2 1 1 1 1 1 1 1 1 2 Hottest 200 | 60 90 90 135 135 200 69 139 116 140 75 7 7 124 7 7 7 75 7 49 49 49 140 Shots Fired 1273 | 8 90 203 116 129 98 66 23 45 168 16 78 15 24 8 1 12 23 3 8 2 34 103 Gun 770 | 8 90 203 116 129 87 64 21 7 10 1 . . 10 . . . 1 . . . . 23 Cannon 21 | . . . . . . . . . . . . . . . . . . . . . . 21 Launcher 11 | . . . . . . . . . . . . . 3 . . . . . 1 2 5 . Special 471 | . . . . . 11 2 2 38 158 15 78 15 11 8 1 12 22 3 7 . 29 59 Kinetic 131 | 4 23 . . . 14 51 16 2 . . . . . . . . . . . . . 21 Thermal 109 | 4 23 . . . 4 13 5 5 10 1 . . 10 . . . 1 . . . . 33 Explosive 11 | . . . . . . . . . . . . . 3 . . . . . 1 2 5 . Electromagnetic 565 | . 44 203 116 129 69 . . . . . . . . . . . . . . . . 4 Robot Hit Streak 69 | 5 28 69 64 65 66 13 18 21 34 36 25 24 6 11 3 8 12 15 22 . 41 45 Robot Miss Streak 3 | . 2 2 2 1 3 3 1 1 1 1 1 1 1 1 . 1 1 . . . 1 1 Penetration Max . | . . . . . . . . . . . . . . . . . . . . . . . Secondary Targets 11 | . 2 2 3 4 . . . . . . . . . . . . . . . . . . Max Gunslinging Chain 1 | . 1 1 1 1 . . . . . . . . . . . . . . . . . . Shots Hit Robots 1014 | 5 73 163 80 89 83 35 18 35 160 14 72 13 21 7 1 10 21 3 7 . 28 76 Core Hits 376 | 4 29 116 43 33 57 51 7 . 2 . . . 3 . . . . . 5 . 17 9 Critical Kills . | . . . . . . . . . . . . . . . . . . . . . . . Critical Parts Destroyed . | . . . . . . . . . . . . . . . . . . . . . . . Critical Strikes 14 | . 2 1 1 2 3 . 1 . 1 . . . . . . . . . . . . 3 Burn 2 | . . . . . . . 1 . 1 . . . . . . . . . . . . . Blast 3 | . . . . . . . . . . . . . . . . . . . . . . 3 Corrupt 9 | . 2 1 1 2 3 . . . . . . . . . . . . . . . . . Melee Attacks 27 | . . . . . . . . . 5 . . . 12 . . . . . . . . 10 Impact . | . . . . . . . . . . . . . . . . . . . . . . . Slashing . | . . . . . . . . . . . . . . . . . . . . . . . Piercing . | . . . . . . . . . . . . . . . . . . . . . . . Sneak Attacks 10 | . . . . . . . . . 4 . . . 4 . . . . . . . . 2 Combat Hostiles 4 | . . . . . . . . . . . . . 4 . . . . . . . . . Follow-up Attacks . | . . . . . . . . . . . . . . . . . . . . . . . Damage Inflicted 13063 | 50 1011 2822 1479 1649 1488 1311 304 . 158 . . . 419 . . . . . 244 . 1169 959 Guns 8871 | 50 908 2536 1269 1358 1124 542 304 . 158 . . . 21 . . . . . . . . 601 Cannons 358 | . . . . . . . . . . . . . . . . . . . . . . 358 Explosions 3060 | . 103 286 210 291 359 . . . . . . . 398 . . . . . 244 . 1169 . Melee . | . . . . . . . . . . . . . . . . . . . . . . . Ramming 774 | . . . . . 5 769 . . . . . . . . . . . . . . . . Kinetic 1514 | 8 154 . . . 358 396 194 . . . . . . . . . . . . . . 404 Thermal 2472 | 42 319 286 210 291 354 146 110 . 158 . . . 21 . . . . . . . . 535 Explosive 1811 | . . . . . . . . . . . . . 398 . . . . . 244 . 1169 . Electromagnetic 6492 | . 538 2536 1269 1358 771 . . . . . . . . . . . . . . . . 20 Impact . | . . . . . . . . . . . . . . . . . . . . . . . Slashing . | . . . . . . . . . . . . . . . . . . . . . . . Piercing . | . . . . . . . . . . . . . . . . . . . . . . . Highest Corruption 40 | . . . . . 7 40 40 40 2 2 2 . . . . . . . 1 . . 6 Average Corruption 16 | . . . . . 1 32 40 40 1 2 1 . . . . . . . 1 . . 4 Corruption Purged . | . . . . . . . . . . . . . . . . . . . . . . . Corruption Blocked . | . . . . . . . . . . . . . . . . . . . . . . . Effects 165 | . . . . . 8 69 21 41 9 1 5 . . . . . . . . . . 11 Message Errors 33 | . . . . . 3 7 6 6 2 1 1 . . . . . . . . . . 7 Matter Fused 37 | . . . . . 3 14 4 12 3 . 1 . . . . . . . . . . . Heat Flow Errors 15 | . . . . . . 8 3 3 1 . . . . . . . . . . . . . Energy Discharges 14 | . . . . . 1 5 1 2 1 . 1 . . . . . . . . . . 3 Parts Rejected 2 | . . . . . 1 1 . . . . . . . . . . . . . . . . Data Loss (minor) 17 | . . . . . . 5 2 7 2 . . . . . . . . . . . . 1 Data Loss (major) 3 | . . . . . . . . 2 . . 1 . . . . . . . . . . . Misfires 4 | . . . . . . . 2 2 . . . . . . . . . . . . . . Alerts 2 | . . . . . . . . 1 . . 1 . . . . . . . . . . . Misdirections 29 | . . . . . . 23 1 5 . . . . . . . . . . . . . . Weapon Failures 9 | . . . . . . 6 2 1 . . . . . . . . . . . . . . Overload Shots . | . . . . . . . . . . . . . . . . . . . . . . . Overflow Damage 196 | . . 6 17 1 25 6 22 . . . . . . . . . . . . . 55 64 Projectiles 64 | . . . . . . . . . . . . . . . . . . . . . . 64 Explosions 126 | . . 6 17 1 25 . 22 . . . . . . . . . . . . . 55 . Melee 6 | . . . . . . 6 . . . . . . . . . . . . . . . . Knockbacks 5 | . . . . . . 3 . . . . . . . . . . . . . . . 2 Impact 3 | . . . . . . 3 . . . . . . . . . . . . . . . . Kinetic 2 | . . . . . . . . . . . . . . . . . . . . . . 2 Secondary . | . . . . . . . . . . . . . . . . . . . . . . . Self-Inflicted Damage 761 | . 43 123 8 . 105 318 37 . . . . . 70 . . . . . . . 57 . Shots 18 | . 2 7 1 . 4 . 1 . . . . . 1 . . . . . . . 2 . Rammed 239 | . . . . . 4 235 . . . . . . . . . . . . . . . . Targets Rammed 271 | . . . . . 4 267 . . . . . . . . . . . . . . . . Kicked 32 | . . . . . . 32 . . . . . . . . . . . . . . . . Crushed . | . . . . . . . . . . . . . . . . . . . . . . . Highest Temperature 512 | 35 259 190 341 441 512 238 293 281 319 92 23 12 52 4 . . 46 . . . 4 122 Average Temperature 41 | 16 92 42 115 136 162 102 126 81 15 14 9 7 30 4 . . 24 . . . 2 18 Received Heat Transfer 1499 | . 186 222 177 77 265 26 123 57 153 . 72 . 48 9 . . 48 9 9 . . 18 Effects 15 | . . . 4 4 6 . 1 . . . . . . . . . . . . . . . Shutdowns 2 | . . . . 1 1 . . . . . . . . . . . . . . . . . Energy Bleed 3 | . . . . 2 . . 1 . . . . . . . . . . . . . . . Interference 6 | . . . 4 . 2 . . . . . . . . . . . . . . . . . Damage (minor) 1 | . . . . 1 . . . . . . . . . . . . . . . . . . Damage (major) 3 | . . . . . 3 . . . . . . . . . . . . . . . . . Siege Activations . | . . . . . . . . . . . . . . . . . . . . . . . Robots Corrupted 8 | . . 2 . 5 1 . . . . . . . . . . . . . . . . . Combat Hostiles 4 | . . 1 . 2 1 . . . . . . . . . . . . . . . . . Parts Fried 34 | . 6 12 3 6 7 . . . . . . . . . . . . . . . . . Impact Corruptions 5 | . . . . . . 5 . . . . . . . . . . . . . . . . Robots Melted . | . . . . . . . . . . . . . . . . . . . . . . . Combat Hostiles . | . . . . . . . . . . . . . . . . . . . . . . . Parts Melted 3 | . 1 . . . . . . . . . . . . . . . . . . . . 2 Heat Transferred 3668 | 100 600 450 250 300 375 333 259 . 433 . . . 50 . . . . . . . . 518 Parts Sabotaged . | . . . . . . . . . . . . . . . . . . . . . . . Parts Stolen . | . . . . . . . . . . . . . . . . . . . . . . . Parts Stripped . | . . . . . . . . . . . . . . . . . . . . . . . Power Chain Reactions 25 | . 3 9 5 4 4 . . . . . . . . . . . . . . . . . Missiles Intercepted . | . . . . . . . . . . . . . . . . . . . . . . . Alert | -11 -10 -9 -8 -8 -7 -7 -7 -7 -6 -6 -5 -4 -4 -3 -3 -3 -3 -2 -2 -1 -1 -1 ------- Run | Scr Mat Mat Mat Gar Fac Gar Fac Gar Fac Gar Fac Fac Gar Res Gar Res Gar Res Gar Acc Gar Acc Peak Influence 1015 | 15 275 369 578 1015 536 420 394 350 148 64 50 106 378 185 108 51 55 18 56 75 113 82 Initial 395 | . 7 3 1 203 395 19 163 212 136 . 24 . 56 159 108 45 29 . 9 21 46 21 Average 140 | 4 61 110 219 647 331 149 239 234 44 26 13 61 212 178 108 45 9 6 21 54 37 21 Maximum Alert Level 3 | . 1 1 2 3 2 2 1 1 . . . . 1 . . . . . . . . . Low Security (%) 72 | 100 83 78 45 . 12 65 49 37 100 100 100 100 35 100 100 100 100 100 100 100 100 100 Level 1 19 | . 16 21 44 26 44 20 50 62 . . . . 64 . . . . . . . . . Level 2 5 | . . . 10 25 43 14 . . . . . . . . . . . . . . . . Level 3 2 | . . . . 48 . . . . . . . . . . . . . . . . . . Level 4 . | . . . . . . . . . . . . . . . . . . . . . . . Level 5 . | . . . . . . . . . . . . . . . . . . . . . . . High Security . | . . . . . . . . . . . . . . . . . . . . . . . Max Security . | . . . . . . . . . . . . . . . . . . . . . . . Squads Dispatched 78 | . 3 6 4 . 6 . 1 . 37 . 10 2 . 1 . . . . . . . 8 Investigation 31 | . 3 2 2 . 1 . 1 . 13 . 6 2 . 1 . . . . . . . . Extermination 6 | . . . . . 1 . . . 4 . . . . . . . . . . . . 1 Reinforcement 22 | . . 4 1 . 2 . . . 13 . 1 . . . . . . . . . . 1 Assault . | . . . . . . . . . . . . . . . . . . . . . . . Garrison 19 | . . . 1 . 2 . . . 7 . 3 . . . . . . . . . . 6 Intercept . | . . . . . . . . . . . . . . . . . . . . . . . Searches Triggered . | . . . . . . . . . . . . . . . . . . . . . . . Construction Impeded . | . . . . . . . . . . . . . . . . . . . . . . . Haulers Reinforced 2 | . . . . . . . . . 2 . . . . . . . . . . . . . Active Scanning Responses . | . . . . . . . . . . . . . . . . . . . . . . . Cargo Convoy Interrupts 1 | . . . . . . . . . 1 . . . . . . . . . . . . . Alert ID Control Effect 54 | . . . . . . . . . . . . . . . . . 6 . 7 . 10 31 Stealth | -11 -10 -9 -8 -8 -7 -7 -7 -7 -6 -6 -5 -4 -4 -3 -3 -3 -3 -2 -2 -1 -1 -1 --------- Run | Scr Mat Mat Mat Gar Fac Gar Fac Gar Fac Gar Fac Fac Gar Res Gar Res Gar Res Gar Acc Gar Acc Distress Signals 12 | . . 2 3 . . . . . 4 . 2 . . . . . . . . . . 1 Communications Jammed 10 | . . . . . . . . . . . . . . . . . . . . . . 10 Distress Signals 10 | . . . . . . . . . . . . . . . . . . . . . . 10 Times Spotted 465 | . 26 58 27 23 18 19 6 21 78 12 50 12 20 5 . 6 20 1 7 . 27 29 Peak Tracking Total 11 | . 6 5 6 3 4 5 3 8 6 7 6 3 8 3 . 2 7 1 8 . 11 4 Tactical Retreats 29 | . 2 8 4 2 . 2 . 2 4 1 1 . 2 . . . 1 . . . . . Traps | -11 -10 -9 -8 -8 -7 -7 -7 -7 -6 -6 -5 -4 -4 -3 -3 -3 -3 -2 -2 -1 -1 -1 ------- Run | Scr Mat Mat Mat Gar Fac Gar Fac Gar Fac Gar Fac Fac Gar Res Gar Res Gar Res Gar Acc Gar Acc Traps Triggered 46 | . . 4 1 8 . 6 . 4 1 1 1 . 6 . 1 . 5 . 2 . 6 . Indirectly . | . . . . . . . . . . . . . . . . . . . . . . . Trap Hack Attempts 31 | . . . . . . . . . 12 . 19 . . . . . . . . . . . Triggered . | . . . . . . . . . . . . . . . . . . . . . . . Disarmed 5 | . . . 5 . . . . . . . . . . . . . . . . . . . Reprogrammed 12 | . . . . . . . . . 10 . 2 . . . . . . . . . . . Reused 1 | . . . . . . . . . 1 . . . . . . . . . . . . . Traps Extracted . | . . . . . . . . . . . . . . . . . . . . . . . Installed . | . . . . . . . . . . . . . . . . . . . . . . . Triggered 3 | . . . . . . 2 . . 1 . . . . . . . . . . . . . Machines | -11 -10 -9 -8 -8 -7 -7 -7 -7 -6 -6 -5 -4 -4 -3 -3 -3 -3 -2 -2 -1 -1 -1 ---------- Run | Scr Mat Mat Mat Gar Fac Gar Fac Gar Fac Gar Fac Fac Gar Res Gar Res Gar Res Gar Acc Gar Acc Machines Disabled 45 | . 1 1 2 3 4 2 12 3 3 1 1 2 5 . . . 1 . 1 . . 3 Max in Single Turn 5 | . 1 1 1 1 2 1 5 1 . 1 . . 2 . . . 1 . 1 . . 1 Garrison Relay 13 | . . . . 3 . 2 . 3 . 1 . . 3 . . . 1 . . . . . Phase Generator 1 | . . . . . . . . . . . . . 1 . . . . . . . . . Machines Sabotaged . | . . . . . . . . . . . . . . . . . . . . . . . Garrisons Compromised . | . . . . . . . . . . . . . . . . . . . . . . . Overloaded Fab Kills . | . . . . . . . . . . . . . . . . . . . . . . . Hacking | -11 -10 -9 -8 -8 -7 -7 -7 -7 -6 -6 -5 -4 -4 -3 -3 -3 -3 -2 -2 -1 -1 -1 --------- Run | Scr Mat Mat Mat Gar Fac Gar Fac Gar Fac Gar Fac Fac Gar Res Gar Res Gar Res Gar Acc Gar Acc Machines Accessed 82 | . 9 11 4 . 6 . 6 . 24 . 11 5 . 2 . 1 . 2 . 1 . . Terminals 46 | . 7 6 2 . 3 . 2 . 13 . 9 2 . 1 . . . 1 . . . . Fabricators 6 | . . . . . 1 . 1 . 3 . . 1 . . . . . . . . . . Repair Stations 9 | . 1 2 . . 1 . . . 2 . 2 1 . . . . . . . . . . Recycling Units 5 | . 1 1 1 . . . 1 . 1 . . . . . . . . . . . . . Scanalyzers 6 | . . 2 . . . . 1 . 3 . . . . . . . . . . . . . Garrison Access 10 | . . . 1 . 1 . 1 . 2 . . 1 . 1 . 1 . 1 . 1 . . Total Hacks 204 | . 28 36 10 . 13 . 11 . 58 . 28 11 . 4 . 1 . 3 . 1 . . Successful 153 | . 25 30 8 . 13 . 7 . 43 . 13 6 . 3 . 1 . 3 . 1 . . Failed 51 | . 3 6 2 . . . 4 . 15 . 15 5 . 1 . . . . . . . . Catastrophic 5 | . 1 . 1 . . . . . 1 . 1 . . 1 . . . . . . . . Database Lockouts . | . . . . . . . . . . . . . . . . . . . . . . . Manual 4 | . . 3 . . 1 . . . . . . . . . . . . . . . . . Terminals 126 | . 22 21 7 . 7 . 3 . 32 . 24 5 . 3 . . . 2 . . . . Fabricators 15 | . . . . . 2 . 2 . 9 . . 2 . . . . . . . . . . Repair Stations 20 | . 4 4 . . 2 . . . 3 . 4 3 . . . . . . . . . . Recycling Units 11 | . 2 3 1 . . . 2 . 3 . . . . . . . . . . . . . Scanalyzers 20 | . . 8 . . . . 3 . 9 . . . . . . . . . . . . . Garrison Access 12 | . . . 2 . 2 . 1 . 2 . . 1 . 1 . 1 . 1 . 1 . . Terminal Hacks 89 | . 19 16 5 . 7 . 3 . 22 . 12 1 . 2 . . . 2 . . . . Record 34 | . 8 7 3 . 2 . 2 . 8 . 3 . . 1 . . . . . . . . Part Schematic 5 | . . . . . 1 . . . 2 . 1 . . . . . . 1 . . . . Robot Schematic 3 | . . . . . . . . . 1 . 2 . . . . . . . . . . . Robot Analysis 3 | . 1 1 . . . . . . 1 . . . . . . . . . . . . . Prototype ID Bank 5 | . 1 3 . . . . . . . . . . . 1 . . . . . . . . Open DSF 7 | . . . . . 1 . 1 . 3 . 2 . . . . . . . . . . . Branch Access Points 1 | . . . . . 1 . . . . . . . . . . . . . . . . . Emergency Access Points 2 | . . 1 . . 1 . . . . . . . . . . . . . . . . . Machine Index 1 | . 1 . . . . . . . . . . . . . . . . . . . . . Alert Level 2 | . 1 1 . . . . . . . . . . . . . . . . . . . . Locate Traps 1 | . 1 . . . . . . . . . . . . . . . . . . . . . Disarm Traps 2 | . . . 2 . . . . . . . . . . . . . . . . . . . Reprogram Traps 5 | . . . . . . . . . 3 . 2 . . . . . . . . . . . Dispatch Records 2 | . 2 . . . . . . . . . . . . . . . . . . . . . Maintenance Status 1 | . . . . . . . . . . . 1 . . . . . . . . . . . Surveillance Status 1 | . . 1 . . . . . . . . . . . . . . . . . . . . Investigation Status 1 | . 1 . . . . . . . . . . . . . . . . . . . . . Recall Investigation 1 | . 1 . . . . . . . . . . . . . . . . . . . . . Recall Assault 1 | . . . . . . . . . 1 . . . . . . . . . . . . . Hauler Manifests 4 | . 1 1 . . 1 . . . 1 . . . . . . . . . . . . . Registered Prototypes 1 | . . 1 . . . . . . . . . . . . . . . . . . . . Zone Layout 6 | . 1 . . . . . . . 2 . 1 1 . . . . . 1 . . . . Fabricator Hacks 14 | . . . . . 2 . 2 . 8 . . 2 . . . . . . . . . . Network Status 2 | . . . . . . . . . 2 . . . . . . . . . . . . . Load Schematic 6 | . . . . . 1 . 1 . 3 . . 1 . . . . . . . . . . Build 6 | . . . . . 1 . 1 . 3 . . 1 . . . . . . . . . . Repair Station Hacks 15 | . 4 4 . . 2 . . . 2 . 1 2 . . . . . . . . . . Scan Component 8 | . 2 2 . . 1 . . . 1 . 1 1 . . . . . . . . . . Repair 7 | . 2 2 . . 1 . . . 1 . . 1 . . . . . . . . . . Recycling Unit Hacks 6 | . 2 2 1 . . . . . 1 . . . . . . . . . . . . . Process 1 | . 1 . . . . . . . . . . . . . . . . . . . . . Report Inventory 3 | . 1 . 1 . . . . . 1 . . . . . . . . . . . . . Retrieve Components 2 | . . 2 . . . . . . . . . . . . . . . . . . . . Scanalyzer 17 | . . 8 . . . . 1 . 8 . . . . . . . . . . . . . Insert Component 9 | . . 4 . . . . 1 . 4 . . . . . . . . . . . . . Analyze 8 | . . 4 . . . . . . 4 . . . . . . . . . . . . . Garrison Access Hacks 12 | . . . 2 . 2 . 1 . 2 . . 1 . 1 . 1 . 1 . 1 . . Unlock Access 9 | . . . 1 . 1 . 1 . 1 . . 1 . 1 . 1 . 1 . 1 . . Coupler Status 3 | . . . 1 . 1 . . . 1 . . . . . . . . . . . . . Unauthorized Hacks . | . . . . . . . . . . . . . . . . . . . . . . . Terminals . | . . . . . . . . . . . . . . . . . . . . . . . Fabricators . | . . . . . . . . . . . . . . . . . . . . . . . Repair Stations . | . . . . . . . . . . . . . . . . . . . . . . . Recycling Units . | . . . . . . . . . . . . . . . . . . . . . . . Scanalyzers . | . . . . . . . . . . . . . . . . . . . . . . . Garrison Access . | . . . . . . . . . . . . . . . . . . . . . . . Data Cores Recovered . | . . . . . . . . . . . . . . . . . . . . . . . Used . | . . . . . . . . . . . . . . . . . . . . . . . Hacking Detections 64 | . 6 10 2 . 5 . 4 . 18 . 10 5 . 2 . . . 1 . 1 . . Full Trace Events 29 | . 3 3 2 . 1 . 1 . 10 . 6 2 . 1 . . . . . . . . Feedback Events 2 | . . . . . . . . . 1 . 1 . . . . . . . . . . . Corruption 2 | . . . . . . . . . 1 . 1 . . . . . . . . . . . Feedback Blocked . | . . . . . . . . . . . . . . . . . . . . . . . Robot Schematics Acquired 3 | . . . . . . . . . 1 . 2 . . . . . . . . . . . Robots Built . | . . . . . . . . . . . . . . . . . . . . . . . Authchips . | . . . . . . . . . . . . . . . . . . . . . . . Time . | . . . . . . . . . . . . . . . . . . . . . . . Total Robot Build Rating . | . . . . . . . . . . . . . . . . . . . . . . . Part Schematics Acquired 11 | . . 3 . . 1 . . . 5 . 1 . . . . . . 1 . . . . Parts Built 7 | . . . . . . . 2 . 4 . . 1 . . . . . . . . . . Authchips . | . . . . . . . . . . . . . . . . . . . . . . . Time 446 | . . . . . 31 . 31 . 267 . . 117 . . . . . . . . . . Total Part Build Rating 26 | . . . . . . . 4 . 15 . . 7 . . . . . . . . . . Parts Repaired 7 | . 2 2 . . 1 . . . 1 . . 1 . . . . . . . . . . Time 214 | . 70 58 . . 13 . . . 50 . . 23 . . . . . . . . . . Parts Recycled . | . . . . . . . . . . . . . . . . . . . . . . . Recycled Matter 116 | . 116 . . . . . . . . . . . . . . . . . . . . . Retrieved Matter . | . . . . . . . . . . . . . . . . . . . . . . . Retrieved Components 10 | . . 10 . . . . . . . . . . . . . . . . . . . . Parts Scanalyzed 8 | . . 3 . . . . 1 . 4 . . . . . . . . . . . . . Part Schematics Acquired 6 | . . 3 . . . . . . 3 . . . . . . . . . . . . . Parts Damaged 3 | . . 1 . . . . . . 2 . . . . . . . . . . . . . Bothacking | -11 -10 -9 -8 -8 -7 -7 -7 -7 -6 -6 -5 -4 -4 -3 -3 -3 -3 -2 -2 -1 -1 -1 ------------ Run | Scr Mat Mat Mat Gar Fac Gar Fac Gar Fac Gar Fac Fac Gar Res Gar Res Gar Res Gar Acc Gar Acc Used RIF Installer 9 | . . . . 1 . 1 . 1 . 1 . . 1 . 1 . 1 . 1 . 1 . Coupler Efficiency 2 | . . . . . . 1 . . . . . . . . . . . . 1 . . . Hotswap 1 | . . . . . . . . . . . . . . . . . 1 . . . . . Threat Obfuscator 1 | . . . . . . . . 1 . . . . . . . . . . . . . . Signal Jammer 1 | . . . . . . . . . . . . . . . . . . . . . 1 . Robot Detection 1 | . . . . . . . . . . . . . 1 . . . . . . . . . Patrol Navigation 1 | . . . . . . . . . . 1 . . . . . . . . . . . . Alert ID Control 1 | . . . . . . . . . . . . . . . 1 . . . . . . . Robots Hacked 321 | . . . . . 6 . 2 21 104 9 56 11 15 6 1 9 19 3 4 . 22 33 Non-combat 93 | . . . . . 4 . 2 . 45 . 16 4 . 1 . 4 . 2 . . . 15 Combat 228 | . . . . . 2 . . 21 59 9 40 7 15 5 1 5 19 1 4 . 22 18 Robot Hacks Applied 381 | . . . . . 10 . 2 21 139 9 65 13 15 7 1 10 19 3 4 . 22 41 parse_system 6 | . . . . . 2 . . 2 2 . . . . . . . . . . . . . generate_anomaly 1 | . . . . . 1 . . . . . . . . . . . . . . . . . generate_echo 2 | . . . . . 1 . . . 1 . . . . . . . . . . . . . start_evac 3 | . . . . . 1 . . . 2 . . . . . . . . . . . . . find_chute 2 | . . . . . . . . . 2 . . . . . . . . . . . . . deconstruct_machine 2 | . . . . . 1 . . . . . . . . . . 1 . . . . . . hold_bot 1 | . . . . . . . . . . . 1 . . . . . . . . . . . map_walls 3 | . . . . . 1 . . . 2 . . . . . . . . . . . . . randomize_corridors 2 | . . . . . . . . . 1 . 1 . . . . . . . . . . . map_earth 2 | . . . . . . . . . 1 . . . . . . . . . . . . 1 find_fabricator 1 | . . . . . . . . . 1 . . . . . . . . . . . . . find_dsf 1 | . . . . . . . . . 1 . . . . . . . . . . . . . drop_inventory 9 | . . . . . . . . . 3 . 3 . . . . 1 . . . . . 2 locate_stockpiles 2 | . . . . . . . . . 1 . . . . . . 1 . . . . . . find_recycling 1 | . . . . . . . . . . . . . . . . . . . . . . 1 purge_threat 3 | . . . . . . . . . 2 . 1 . . . . . . . . . . . find_terminals 3 | . . . . . . . . . 2 . 1 . . . . . . . . . . . disarm_traps 1 | . . . . . . . . . 1 . . . . . . . . . . . . . reprogram_traps 4 | . . . . . . . . . 3 . 1 . . . . . . . . . . . block_reporting 2 | . . . . . . . . . 2 . . . . . . . . . . . . . summon_haulers 5 | . . . . . . . . . 2 . 1 . . . . 1 . . . . . 1 clear_recycling 1 | . . . . . . . . . 1 . . . . . . . . . . . . . map_route 11 | . . . . . . . . . 3 . 4 1 . . . . . . . . . 3 mark_security 1 | . . . . . . . . . 1 . . . . . . . . . . . . . find_shortcuts 2 | . . . . . . . . . 2 . . . . . . . . . . . . . find_garrison 4 | . . . . . . . . . . . 1 . . 1 . 1 . . . . . 1 show_paths 1 | . . . . . . . . . 1 . . . . . . . . . . . . . link_fov 7 | . . . . . 1 . . . 2 . . . . . . . . . . . . 4 link_complan 1 | . . . . . . . . . 1 . . . . . . . . . . . . . broadcast_data 2 | . . . . . . . . . 2 . . . . . . . . . . . . . disrupt_area 1 | . . . . . . . . . . . . 1 . . . . . . . . . . overload_power 2 | . . . . . . . . . . . 1 . . . . . . . . . . 1 amplify_resonance 2 | . . . . . 1 . . . 1 . . . . . . . . . . . . . wipe_record 1 | . . . . . . . . . 1 . . . . . . . . . . . . . go_dormant 1 | . . . . . . . . . 1 . . . . . . . . . . . . . streamctrl_low 1 | . . . . . 1 . . . . . . . . . . . . . . . . . streamctrl_high 1 | . . . . . . . . . . . . . 1 . . . . . . . . . formatsys_low 30 | . . . . . . . . . 29 . 1 . . . . . . . . . . . formatsys_high 256 | . . . . . . . 2 19 65 9 49 11 14 6 1 5 19 3 4 . 22 27 Relay Couplers Released 52 | . . . . 12 . 7 . 12 . 4 . . 12 . . . 5 . . . . . Machine Destruction 52 | . . . . 12 . 7 . 12 . 4 . . 12 . . . 5 . . . . . Attached 12 | . . . . . 1 4 . 3 2 1 . . . . . . . . . . . 1 Fabnet Peak Effective % . | . . . . . . . . . . . . . . . . . . . . . . . Robots Rewired 6 | . . . . . . . . 6 . . . . . . . . . . . . . . Allies Hacked 12 | . . . . . . . . . 3 2 2 . . . . . . . . . . 5 Hacks Repelled . | . . . . . . . . . . . . . . . . . . . . . . . Allies | -11 -10 -9 -8 -8 -7 -7 -7 -7 -6 -6 -5 -4 -4 -3 -3 -3 -3 -2 -2 -1 -1 -1 -------- Run | Scr Mat Mat Mat Gar Fac Gar Fac Gar Fac Gar Fac Fac Gar Res Gar Res Gar Res Gar Acc Gar Acc Total Allies 294 | . . . . . 1 . 2 25 94 9 50 11 15 6 1 5 19 3 4 . 22 27 Largest Group 39 | . . . . . 1 . 2 13 39 4 17 10 8 11 1 4 12 13 4 . 7 16 Highest-Rated Group 1322 | . . . . . 8 . 52 364 1025 87 554 438 391 532 116 222 582 596 345 . 562 1322 Highest-Rated Ally 219 | . . . . . 8 . 26 32 85 29 85 56 116 64 116 64 116 64 148 . 219 219 Total Orders 24 | . . . . . 1 . . 9 7 2 . . . . . . . . . . . 5 ROAM 2 | . . . . . . . . . 1 . . . . . . . . . . . . 1 FOLLOW 1 | . . . . . . . . 1 . . . . . . . . . . . . . . GUARD 9 | . . . . . . . . 7 2 . . . . . . . . . . . . . AID 2 | . . . . . . . . 1 . . . . . . . . . . . . . 1 DROP 3 | . . . . . 1 . . . 2 . . . . . . . . . . . . . EXPLORE 5 | . . . . . . . . . 2 1 . . . . . . . . . . . 2 RETURN 2 | . . . . . . . . . . 1 . . . . . . . . . . . 1 Ally Attacks 767 | . . . . . . . . 65 262 27 107 7 43 . . 1 51 . 26 . 81 97 Total Damage 22649 | . . . . . . . . 814 7041 396 1629 199 1449 . . 27 1287 . 917 . 3018 5872 Kills 138 | . . . . . . . . 5 55 2 10 2 9 . . . 6 . 7 . 11 31 Allies Corrupted 10 | . . . . . . . . . 3 2 2 . . . . . 1 . . . . 2 Allies Melted 2 | . . . . . . . . . 2 . . . . . . . . . . . . . Intel | -11 -10 -9 -8 -8 -7 -7 -7 -7 -6 -6 -5 -4 -4 -3 -3 -3 -3 -2 -2 -1 -1 -1 ------- Run | Scr Mat Mat Mat Gar Fac Gar Fac Gar Fac Gar Fac Fac Gar Res Gar Res Gar Res Gar Acc Gar Acc Robot Analysis Total 3 | . 1 1 . . . . . . 1 . . . . . . . . . . . . . Derelict Logs Recovered . | . . . . . . . . . . . . . . . . . . . . . . . Drone Launches 5 | . . . . . . . . . 2 1 . . . . . . . . . . . 2 Drone Recoveries 2 | . . . . . . . . . 1 . . . . . . . . . . . . 1 Exploration | -11 -10 -9 -8 -8 -7 -7 -7 -7 -6 -6 -5 -4 -4 -3 -3 -3 -3 -2 -2 -1 -1 -1 ------------- Run | Scr Mat Mat Mat Gar Fac Gar Fac Gar Fac Gar Fac Fac Gar Res Gar Res Gar Res Gar Acc Gar Acc Turns Passed 15099 | 119 2100 3354 459 912 915 909 302 664 2334 188 477 248 355 30 32 130 282 15 53 30 250 941 Spaces Moved 16079 | 76 1006 1832 202 413 409 575 313 710 4498 183 1496 430 683 139 93 283 349 94 125 127 297 1746 Core 291 | 4 . . . . 18 269 . . . . . . . . . . . . . . . . Treads 9 | . . 9 . . . . . . . . . . . . . . . . . . . . Legs 437 | 40 378 . . . 6 13 . . . . . . . . . . . . . . . . Wheels 2872 | 32 628 1392 202 413 205 . . . . . . . . . . . . . . . . . Hover 180 | . . . . . 180 . . . . . . . . . . . . . . . . . Flight 12290 | . . 431 . . . 293 313 710 4498 183 1496 430 683 139 93 283 349 94 125 127 297 1746 Fastest Speed 8 | 50 80 80 80 95 95 29 29 29 10 11 11 8 12 13 13 11 11 12 12 15 11 10 Average Speed 43 | 99 167 103 86 95 109 60 67 35 13 11 15 14 14 13 13 12 11 12 12 15 16 23 Slowest Speed 600 | 120 330 250 95 95 600 150 112 192 112 85 95 96 96 13 13 93 12 12 15 15 89 95 Overloaded Moves 6 | . . . . . . . . . . . . 6 . . . . . . . . . . Propulsion Burnouts . | . . . . . . . . . . . . . . . . . . . . . . . Robots Hopped 54 | . . . . . . . . . 11 . 9 3 . 1 . 1 . . . . . 29 Cave-ins Triggered . | . . . . . . . . . . . . . . . . . . . . . . . Exploration Rate (%) 41 | 5 97 95 18 68 11 74 12 72 83 51 41 15 78 7 25 8 69 4 40 2 41 34 Regions Visited 22 Branch Regions . Pre-discovered Areas . | . . . . . . . . . . . . . . . . . . . . . . . Known Exits Taken 13 | 1 1 1 1 . 1 . 1 . 1 . 1 1 . 1 . 1 . 1 . 1 . . Unknown Exits Taken . | . . . . . . . . . . . . . . . . . . . . . . . Scrap Searched . | . . . . . . . . . . . . . . . . . . . . . . . Spaces Dug 7 | . . . . . . . . . . . . . . . . . . . . . . 7 Terrain Destroyed 383 | . 4 33 12 8 12 . 66 . . . . . 129 . . . . . 15 21 76 7 Melee . | . . . . . . . . . . . . . . . . . . . . . . . Projectile 7 | . . . . . . . . . . . . . . . . . . . . . . 7 AOE 376 | . 4 33 12 8 12 . 66 . . . . . 129 . . . . . 15 21 76 . Terrain Rammed . | . . . . . . . . . . . . . . . . . . . . . . . Walls Destroyed . | . . . . . . . . . . . . . . . . . . . . . . . Machines Disabled . | . . . . . . . . . . . . . . . . . . . . . . . Actions | -11 -10 -9 -8 -8 -7 -7 -7 -7 -6 -6 -5 -4 -4 -3 -3 -3 -3 -2 -2 -1 -1 -1 --------- Run | Scr Mat Mat Mat Gar Fac Gar Fac Gar Fac Gar Fac Fac Gar Res Gar Res Gar Res Gar Acc Gar Acc Total 23155 | 112 1342 3099 396 835 795 1073 391 1102 6156 346 1723 611 926 147 111 374 583 96 158 136 483 2160 Wait 4603 | 10 215 1045 136 306 292 22 62 237 1363 119 51 150 120 1 . 74 112 . . 1 33 254 Move 15960 | 75 1005 1831 201 412 408 574 313 709 4475 181 1478 424 682 137 92 281 348 93 124 127 296 1694 Hop 46 | . . . . . . . . . 11 . 8 3 . 1 . 1 . . . . . 22 Pick Up 203 | 11 32 30 1 3 6 23 2 7 27 . 24 6 6 . . . 1 . . 2 6 16 Fast Attach 80 | . 3 12 5 . 14 5 3 . 18 2 1 . 2 . . 1 . . . . 2 12 Attach 153 | 9 13 14 1 1 8 19 2 7 21 2 21 5 3 . . . 1 . . 2 4 20 Detach 30 | 1 3 1 . . . 5 . 1 4 3 2 2 . . . . . . . . 1 7 Swap 85 | 1 8 18 3 3 2 6 . . 13 . 13 . 1 . . 2 1 . . . 6 8 Drop 193 | 1 18 45 7 3 12 12 1 8 25 4 22 4 5 . . 3 . . . 2 3 18 Fire 865 | 4 45 103 42 43 49 44 8 42 167 16 78 15 23 8 1 12 23 3 8 2 34 95 Melee 27 | . . . . . . . . . 5 . . . 12 . . . . . . . . 10 Ram 243 | . . . . . 4 239 . . . . . . . . . . . . . . . . Kick 32 | . . . . . . 32 . . . . . . . . . . . . . . . . Crush . | . . . . . . . . . . . . . . . . . . . . . . . Escape Stasis 573 | . . . . 64 . 92 . 89 8 18 . . 72 . 18 . 91 . 25 . 96 . Rewire 31 | . . . . . . . . 2 7 1 6 2 . . . . 6 . 1 . 2 4 Trap 31 | . . . . . . . . . 12 . 19 . . . . . . . . . . . Miscellaneous . | . . . . . . . . . . . . . . . . . . . . . . . Route ------- -11/Scrapyard -10/Materials (discovered 5 exits: *Mat x3 / *Min x2) -9/Materials (discovered 3 exits: *Mat x2 / *Min) -8/Materials -8/Garrison (discovered 2 exits: *Fac x2) -7/Factory (discovered 4 exits: Sto / Low x2 / Gar) -7/Garrison (discovered 3 exits: *Fac x3) -7/Factory -7/Garrison (discovered 3 exits: *Fac x3) -6/Factory (discovered 7 exits: *Fac x4 / *Low x2 / Gar) -6/Garrison -5/Factory (discovered 2 exits: *Fac / Upp) -4/Factory -4/Garrison (discovered 3 exits: *Res x3) -3/Research -3/Garrison -3/Research (discovered 2 exits: *Qua / Gar) -3/Garrison (discovered 3 exits: *Res x3) -2/Research -2/Garrison -1/Access -1/Garrison (discovered 2 exits: *Acc x2) -1/Access To Epsilon Eridani History --------- Turn | Location | Event 32 | -11/Scrapyard | Identified exit to Materials 32 | -11/Scrapyard | Discovered exit to Materials (range 16) 120 | -11/Scrapyard | Entered Materials 120 | -10/Materials | Evolved 1 slot: Utility x1 308 | -10/Materials | Build established: Hacker-Mutant 417 | -10/Materials | Identified exit to Materials 417 | -10/Materials | Discovered exit to Materials (range 8) 985 | -10/Materials | Repaired Lgt. Nuclear Core 1018 | -10/Materials | Repaired Hvy. EM Pulse Gun 1023 | -10/Materials | Discovered exit to Materials (range 13) 1257 | -10/Materials | Identified exit to Mines 1257 | -10/Materials | Discovered exit to Mines (range 12) 1517 | -10/Materials | Discovered exit to Materials (range 7) 2171 | -10/Materials | Discovered exit to Mines (range 6) 2220 | -10/Materials | Entered another Materials area 2220 | -9/Materials | Evolved 2 slots: Propulsion x1, Utility x1 2314 | -9/Materials | Repaired Hvy. EM Pulse Gun 3613 | -9/Materials | Identified exit to Mines 3613 | -9/Materials | Discovered exit to Mines (range 13) 4217 | -9/Materials | Identified exit to Materials 4217 | -9/Materials | Discovered exit to Materials (range 13) 5368 | -9/Materials | Repaired Seismic Detector 5562 | -9/Materials | Discovered exit to Materials (range 5) 5574 | -9/Materials | Entered another Materials area 5574 | -8/Materials | Evolved 2 slots: Power x1, Weapon x1 5948 | -8/Materials | Garrison activated, responded to threat 6032 | -8/Materials | Identified exit to Garrison 6033 | -8/Materials | Entered Garrison 6186 | -8/Garrison | Triggered checkpoint 6216 | -8/Garrison | Garrison Relay disabled 6298 | -8/Garrison | Triggered checkpoint 6340 | -8/Garrison | Destroyed 8 combat bots 6359 | -8/Garrison | Build established: Hacker-Tank 6508 | -8/Garrison | Triggered checkpoint 6521 | -8/Garrison | Identified exit to Factory 6521 | -8/Garrison | Discovered exit to Factory (range 13) 6570 | -8/Garrison | Triggered checkpoint 6584 | -8/Garrison | Garrison Relay disabled 6790 | -8/Garrison | Triggered checkpoint 6796 | -8/Garrison | Triggered checkpoint 6865 | -8/Garrison | Discovered exit to Factory (range 10) 6878 | -8/Garrison | Triggered checkpoint 6900 | -8/Garrison | Garrison Relay disabled 6939 | -8/Garrison | Installed Relay Interface Framework 6945 | -8/Garrison | Entered Factory 6945 | -7/Factory | Evolved 2 slots: Utility x1, Weapon x1 7169 | -7/Factory | Identified exit to Storage 7169 | -7/Factory | Identified exit to Lower Caves 7200 | -7/Factory | Repaired ECM Suite 7735 | -7/Factory | Garrison activated, responded to threat 7847 | -7/Factory | Identified exit to Garrison 7860 | -7/Factory | Entered Garrison 7868 | -7/Garrison | Expanded RIF knowledge: Coupler Efficiency 7872 | -7/Garrison | Lost 13 parts (2p3n4u4w) 7908 | -7/Garrison | Triggered checkpoint 7921 | -7/Garrison | System corruption reached 10% 7952 | -7/Garrison | Identified exit to Factory 7952 | -7/Garrison | Discovered exit to Factory (range 12) 8065 | -7/Garrison | System corruption reached 30% 8083 | -7/Garrison | Build established: Hacker-Mutant 8092 | -7/Garrison | Lost 3 parts (3n) 8171 | -7/Garrison | Triggered checkpoint 8207 | -7/Garrison | Triggered checkpoint 8322 | -7/Garrison | Triggered checkpoint 8499 | -7/Garrison | Discovered exit to Factory (range 12) 8503 | -7/Garrison | Triggered checkpoint 8547 | -7/Garrison | Garrison Relay disabled 8594 | -7/Garrison | Triggered checkpoint 8641 | -7/Garrison | Garrison Relay disabled 8692 | -7/Garrison | Discovered exit to Factory (range 8) 8769 | -7/Garrison | Entered Factory 8916 | -7/Factory | Build established: Bothacker-Gunner 9005 | -7/Factory | Fabricated Weight Redist. System (x2) 9060 | -7/Factory | Identified exit to Garrison 9071 | -7/Factory | Entered Garrison 9136 | -7/Garrison | Garrison Relay disabled 9198 | -7/Garrison | Triggered checkpoint 9338 | -7/Garrison | Triggered checkpoint 9372 | -7/Garrison | Triggered checkpoint 9410 | -7/Garrison | Identified exit to Factory 9410 | -7/Garrison | Discovered exit to Factory (range 15) 9447 | -7/Garrison | Triggered checkpoint 9474 | -7/Garrison | Triggered checkpoint 9481 | -7/Garrison | Triggered checkpoint 9502 | -7/Garrison | Discovered exit to Factory (range 13) 9516 | -7/Garrison | Triggered checkpoint 9533 | -7/Garrison | Garrison Relay disabled 9558 | -7/Garrison | Discovered exit to Factory (range 8) 9569 | -7/Garrison | Expanded RIF knowledge: Threat Obfuscation 9640 | -7/Garrison | Triggered checkpoint 9654 | -7/Garrison | Garrison Relay disabled 9735 | -7/Garrison | Entered Factory 9735 | -6/Factory | Accompanied by 13 allies 9735 | -6/Factory | Evolved 15 slots: Power x2, Propulsion x7, Utility x5, Weapon x1 9757 | -6/Factory | Build established: Commander-Sprinter 10010 | -6/Factory | Identified exit to Factory 10010 | -6/Factory | Discovered exit to Factory (range 7) 10073 | -6/Factory | Fabricated Weight Redist. System (x2) 10145 | -6/Factory | Spotted B-75 Beast 10156 | -6/Factory | Assimilated Beast 5a with formatsys_high 10452 | -6/Factory | Identified exit to Lower Caves 10452 | -6/Factory | Discovered exit to Lower Caves (range 7) 10675 | -6/Factory | Discovered exit to Lower Caves (range 16) 10957 | -6/Factory | Fabricated Imp. Remote Datajack (x1) 11111 | -6/Factory | Discovered exit to Factory (range 146) 11221 | -6/Factory | Discovered exit to Factory (range 4) 11230 | -6/Factory | Garrison activated, responded to threat 11359 | -6/Factory | Repaired Nuclear Pulse Thruster 11486 | -6/Factory | Cargo convoy interrupted 11574 | -6/Factory | Fabricated Cld. Cesium-ion Thruster (x1) 11707 | -6/Factory | Garrison activated, responded to threat 11885 | -6/Factory | Discovered exit to Factory (range 100) 11980 | -6/Factory | Identified exit to Garrison 12069 | -6/Factory | Entered Garrison 12069 | -6/Garrison | Evolved -3 slots (calibrated): -Utility x2, -Weapon x1 12112 | -6/Garrison | Triggered checkpoint 12112 | -6/Garrison | Triggered checkpoint 12134 | -6/Garrison | Triggered checkpoint 12141 | -6/Garrison | Garrison Relay disabled 12156 | -6/Garrison | Triggered checkpoint 12226 | -6/Garrison | Discovered exit to Factory (range 12) 12228 | -6/Garrison | Expanded RIF knowledge: Patrol Navigation 12248 | -6/Garrison | Build established: Bothacker-Sprinter 12257 | -6/Garrison | Entered Factory 12257 | -5/Factory | Accompanied by 1 ally 12474 | -5/Factory | Spotted B-75 Beast 12478 | -5/Factory | Assimilated Beast 6a with formatsys_high 12503 | -5/Factory | Garrison activated, responded to threat 12628 | -5/Factory | Identified exit to Upper Caves 12628 | -5/Factory | Discovered exit to Upper Caves (range 28) 12731 | -5/Factory | Identified exit to Factory 12731 | -5/Factory | Discovered exit to Factory (range 15) 12734 | -5/Factory | Entered another Factory area 12797 | -4/Factory | Repaired Broken Drone Bay 12948 | -4/Factory | Fabricated Micro-nuke Launcher (x1) 12982 | -4/Factory | Identified exit to Garrison 12982 | -4/Factory | Entered Garrison 12982 | -4/Garrison | Accompanied by 2 allies 12999 | -4/Garrison | Spotted B-86 Titan 13000 | -4/Garrison | Assimilated Titan 7a with formatsys_high 13008 | -4/Garrison | Triggered checkpoint 13033 | -4/Garrison | Garrison Relay disabled 13036 | -4/Garrison | Triggered checkpoint 13073 | -4/Garrison | Identified exit to Research 13073 | -4/Garrison | Discovered exit to Research (range 13) 13081 | -4/Garrison | Garrison Relay disabled 13082 | -4/Garrison | Triggered checkpoint 13100 | -4/Garrison | Triggered checkpoint 13120 | -4/Garrison | Triggered checkpoint 13158 | -4/Garrison | Garrison Relay disabled 13162 | -4/Garrison | Discovered exit to Research (range 14) 13176 | -4/Garrison | Triggered checkpoint 13194 | -4/Garrison | Triggered checkpoint 13196 | -4/Garrison | Triggered checkpoint 13213 | -4/Garrison | Discovered exit to Research (range 10) 13216 | -4/Garrison | Expanded RIF knowledge: Robot Detection 13298 | -4/Garrison | Phase Generator disabled 13333 | -4/Garrison | Build established: Botlord-Sprinter 13337 | -4/Garrison | Entered Research 13337 | -3/Research | Accompanied by 5 allies 13367 | -3/Research | Identified exit to Garrison 13367 | -3/Research | Entered Garrison 13371 | -3/Garrison | Spotted B-86 Titan 13372 | -3/Garrison | Triggered checkpoint 13372 | -3/Garrison | Assimilated Titan 8a with formatsys_high 13396 | -3/Garrison | Identified exit to Research 13396 | -3/Garrison | Discovered exit to Research (range 13) 13398 | -3/Garrison | Expanded RIF knowledge: Alert ID Control 13399 | -3/Garrison | Entered Research 13414 | -3/Research | Identified exit to Quarantine 13414 | -3/Research | Discovered exit to Quarantine (range 6) 13529 | -3/Research | Identified exit to Garrison 13529 | -3/Research | Entered Garrison 13534 | -3/Garrison | Spotted B-86 Titan 13536 | -3/Garrison | Assimilated Titan 8b with formatsys_high 13543 | -3/Garrison | Triggered checkpoint 13548 | -3/Garrison | Triggered checkpoint 13587 | -3/Garrison | Identified exit to Research 13587 | -3/Garrison | Discovered exit to Research (range 9) 13590 | -3/Garrison | Triggered checkpoint 13594 | -3/Garrison | Garrison Relay disabled 13606 | -3/Garrison | Triggered checkpoint 13638 | -3/Garrison | Triggered checkpoint 13666 | -3/Garrison | Discovered exit to Research (range 14) 13697 | -3/Garrison | Discovered exit to Research (range 12) 13699 | -3/Garrison | Expanded RIF knowledge: Hotswap 13811 | -3/Garrison | Entered Research 13811 | -2/Research | Accompanied by 10 allies 13812 | -2/Research | Core integrity fell below 50% 13825 | -2/Research | Identified exit to Garrison 13826 | -2/Research | Entered Garrison 13826 | -2/Garrison | Accompanied by 1 ally 13828 | -2/Garrison | Expanded RIF knowledge: Coupler Efficiency 13855 | -2/Garrison | Triggered checkpoint 13856 | -2/Garrison | Spotted B-90 Cyclops 13856 | -2/Garrison | Assimilated Cyclops 9a with formatsys_high 13858 | -2/Garrison | Triggered checkpoint 13859 | -2/Garrison | Triggered checkpoint 13865 | -2/Garrison | Triggered checkpoint 13878 | -2/Garrison | Identified exit to Access 13878 | -2/Garrison | Discovered exit to Access (range 9) 13879 | -2/Garrison | Entered Access 13880 | -1/Access | Core integrity fell below 50% 13899 | -1/Access | Lost 3 parts (1p1n1w) 13909 | -1/Access | Identified exit to Garrison 13909 | -1/Access | Entered Garrison 13915 | -1/Garrison | Spotted B-99 Colossus 13920 | -1/Garrison | Assimilated Colossus 10a with formatsys_high 13942 | -1/Garrison | Triggered checkpoint 13956 | -1/Garrison | Triggered checkpoint 13969 | -1/Garrison | Triggered checkpoint 13972 | -1/Garrison | Triggered checkpoint 13991 | -1/Garrison | Identified exit to Access 13991 | -1/Garrison | Discovered exit to Access (range 10) 14002 | -1/Garrison | Triggered checkpoint 14123 | -1/Garrison | Discovered exit to Access (range 14) 14125 | -1/Garrison | Expanded RIF knowledge: Signal Jamming 14159 | -1/Garrison | Entered Access 14159 | -1/Access | Accompanied by 3 allies 14207 | -1/Access | Spotted B-99 Colossus 14211 | -1/Access | Assimilated Colossus 10b with formatsys_high 14216 | -1/Access | Spotted B-99 Colossus 14216 | -1/Access | Assimilated Colossus 10c with formatsys_high 14250 | -1/Access | Garrison activated, responded to threat 14266 | -1/Access | Lost 3 parts (1p2n) 14467 | -1/Access | Lost 3 parts (1p1n1w) 14666 | -1/Access | Garrison activated, responded to threat 14697 | -1/Access | Lost 3 parts (1p2n) 14839 | -1/Access | Spotted B-99 Colossus 14841 | -1/Access | Assimilated Colossus 10d with formatsys_high 14843 | -1/Access | Spotted B-99 Colossus 14845 | -1/Access | Assimilated Colossus 10e with formatsys_high 14972 | -1/Access | Identified exit to Surface 14972 | -1/Access | Discovered exit to Surface (range 5) 15056 | -1/Access | Build established: Botlord-Mutant 15100 | *** | Escaped! Last Messages --------------- Acquired Triangulator. Dropped Adv. Datajack. Acquired Drone Bay. >> Reconnected with Drone. System corrupted: Energy discharge (-96). R-10 Processor collects Adv. Datajack. KCVZAC&1: K5IFVOF1T|QMJ Acquired 5 matter. Main Access Shell breached. EXIT=FOUND: SURFACE System corrupted: Component data lost. System corrupted: Energy discharge (-144). Slug penetrates Wall. Drone destroyed. GGUCT,JUUVTL,ANTT,12ALAFRVH Drone retrieved by Drone Bay. [Achievement: Epsilon Run] [Achievement: Straight Shot] [Achievement: One Last FU] Map ----- +----------------------------------------------------+ | ???????+%% # # """""" + [ | | ???????# % + # """""" # [ | | ???????#% # + "" # | | ???????## ## ]# "" # "" " | | ????????# ## """""" # # ""T" | | ????????# ## """""" # # """ | | ######### ## ?""""" # ######### ## | | ######### ##????"""" # #???????# #? | | ######### #?????"""" ##############???????##### | | ######### ####?##################????????????# # | | ################################### # | | ######## =% %%%=% % *% | | ######## ! =[ %% | | ######## ######### ""####### %! | | #########+########### % ""###???# """ == | | ####= ##### ""###???# ""T"" | | !!+! ##### T###???# " "" | | ####! ##### ""###???# | | # ##### ""###???# | | # ###"" ""#?#???# * | | # ####""""""""""""?#???# ##### !!! | | # ###?# #?#???# #???# [%% | | # ##### ###???# #???# ##+ | | # ##### """""" ###???# #???# ## | | #= ##### " " ###???# #???# ## | | # ##### " @ww" ###???# #???# ##% | | #### ##### " "ww" ###???# #??## ## | | ##################### " w " ###???# ##??# # | | #### ######### """" " ###???# #???# # | | #### ] ######### w ###???# #???# / | | #### #########"""""""" "#######+##### # | | + " ########???????" "#### ###### | | ## """ ########???????" # " [ #????# | | ##! """ #########"""""""" "#### """ #????# | | ## " ######### % %#### ""F * #????# | | ## =######### #### "" #????## | | ## ] ######### #### """ #?????? | | ################### #### """ #?????? | | ################### #### #?????? | | ################### #### #?????? | | ################### #############?????? | | ###################### ##### #############??? | | ######### # # %! #??? | | ######### # # % #??? | | #???????# + + %% "" #??? | | #???????# # # ""T""" ???? | | #???????# # # !! """"" ???? | | #???????# # # !! #??? | | #???????# # # !! #??? | | #???????# # ###################??? | +----------------------------------------------------+ Best States ------------- Heat Dissipation 66 Energy Generation 75 Energy Capacity 820 Matter Stores 300 Matter Capacity 300 Sight Range 16 Robot Scan Range 16 Terrain Scan Range 20 Terrain Scan Density 10 ECM Strength 2 Additional Mass Support 9 Armor Coverage 150 Resistance: KI 35 Resistance: TH 35 Resistance: EX 35 Resistance: EM 35 Resistance: I 35 Resistance: S 35 Resistance: P 35 Weapon Cycling 15 Evasion (%) 68 Targeting Accuracy 5 Recoil Reduction 3 Particle Charging 20 Offensive Hacking 32 Relay Coupler Types 7 Relay Coupler Value 700 Item Schematics ----------------- Hvy. EM Pulse Gun | -9/Materials | Scanalyzed EM Shotgun | -9/Materials | Scanalyzed Weight Redist. System | -9/Materials | Scanalyzed Hvy. Deuterium Engine | -7/Factory | Hacked Cld. Cesium-ion Thruster | -6/Factory | Scanalyzed Imp. Remote Datajack | -6/Factory | Hacked Adv. Sensor Array | -6/Factory | Scanalyzed Fusion Compressor | -6/Factory | Scanalyzed Imp. Medium Treads | -6/Factory | Hacked Micro-nuke Launcher | -5/Factory | Hacked Centrium Leg | -2/Research | Hacked Robot Schematics ------------------ L-41 Fighter | -6/Factory | Hacked G-50 Soldier | -5/Factory | Hacked R-10 Processor | -5/Factory | Hacked Fabricated ------------ Weight Redist. System | x2 | -7/Factory Weight Redist. System | x2 | -6/Factory Imp. Remote Datajack | x1 | -6/Factory Cld. Cesium-ion Thruster | x1 | -6/Factory Micro-nuke Launcher | x1 | -4/Factory Alien Tech Used ----------------- None Achievements -------------- A New Friend Beloved Epsilon Run Error 47 Generalissimo Infiltrator One Last FU Pwned Straight Shot We Are Legion Challenges ------------ None Game ------ Seed FortressHackingVibroblade Manual? 0 Play Time 05:18:12 Cumulative 24.4 hours Start 2022.10.16 @ 19:00:53 End 2022.10.17 @ 00:46:07 Sessions 1 Manual Loads 0 Difficulty Explorer Special Mode None Game No. 17 Rogue 4 Adventurer 0 Explorer 13 Win Type 0 Total 2 Types 1/0/0/1/0/0/0/0/0 Lore% 32 Gallery% 35 Achievement% 47 Wizard Run 0 Options --------- ASCII 0 Keyboard 0 Movement Mouse Keybinds 0 Fullscreen 1 Font 18/SmallcapsGlow Map View 76x50 Tactical HUD 0 Map Filters NONE Filters NONE Steam 1 RUN: 46966e61-97a3-4a02-a52e-e1c284c1cca9